AoeStats
← _vishi_

African Clearing

510499716Analyzed
4v4 RM · 18h ago on Oct 1, 2026· 44m 43s· 8 players
Game mode
Random Map
Map size
Large (8 player)
Population
200
Speed
Normal
Resources
Standard
Victory
Conquest
Starting age
Dark Age
Ending age
Imperial Age
RankedLock teamsTeams togetherTeam positionsShared explorationLock speedFull tech treeHidden civsTurbo modeCheats
Victory
Defeat
🇮🇳 Tupi · India
1402
+9
🇨🇳 Burgundians · China
1305
+12
🇹🇷 Dravidians · Türkiye
1288
+12
🇮🇳 Teutons · India
1244
+14
🇲🇽 Mongols · Mexico
1231
-12
🇦🇷 Vietnamese · Argentina
1229
-12
🇹🇷 Bulgarians · Türkiye
1228
-12
🇳🇿 Koreans · New Zealand
1192
-11
BLADE
11:14 Loom
13:19 Feudal Age
14:17 Double-Bit Axe
17:39 Castle Age
15:42 Horse Collar
18:18 Forging
22:07 Bloodlines
27:06 Wheelbarrow
28:17 Scale Barding Armor
28:34 Bow Saw
28:27 Heavy Plow
29:54 Iron Casting
31:21 Chain Barding Armor
31:05 Town Watch
32:38 Hand Cart
37:53 Imperial Age
37:15 Fletching
37:32 Stone Mining
37:42 Gold Mining
37:56 Cavalier
39:52 Blast Furnace
40:09 Stone Shaft Mining
40:14 Plate Barding Armor
41:02 Conscription
41:13 Bodkin Arrow
42:49 Chemistry
41:27 Paladin
42:17 Scale Mail Armor
41:42 Man-at-Arms
42:07 Gambesons
44:03 Chain Mail Armor
_vishi_
7:05 Loom
13:51 Feudal Age
18:30 Castle Age
16:37 Double-Bit Axe
17:18 Fletching
17:15 Horse Collar
19:19 Bodkin Arrow
19:45 Bow Saw
29:06 Wheelbarrow
34:20 Imperial Age
32:55 Hand Cart
32:41 Gold Mining
33:21 Ballistics
33:39 Padded Archer Armor
33:44 Heavy Plow
34:16 Stone Mining
35:01 Gold Shaft Mining
36:06 Chemistry
35:15 Bracer
35:10 Elite Blackwood Archer
37:03 Leather Archer Armor
37:13 Curare
37:28 Conscription
38:27 Ring Archer Armor
39:01 Two-Man Saw
41:40 Capped Ram
42:49 Siege Ram
蝴蝶
4:07 Loom
10:03 Double-Bit Axe
13:19 Feudal Age
12:14 Horse Collar
18:56 Castle Age
17:54 Stone Mining
17:56 Gold Mining
18:20 Bow Saw
19:53 Cavalier
20:36 Husbandry
21:17 Wheelbarrow
25:15 Hand Cart
24:47 Town Watch
28:35 Heavy Plow
30:01 Scale Barding Armor
30:07 Forging
31:15 Light Cavalry
33:03 Gold Shaft Mining
33:04 Stone Shaft Mining
34:00 Chain Barding Armor
37:20 Iron Casting
36:55 Burgundian Vineyards
37:59 Crop Rotation
37:11 Treadmill Crane
37:42 Fortified Wall
38:36 Two-Man Saw
41:02 Murder Holes
41:17 Masonry
44:01 Imperial Age
44:19 Careening
44:31 Ballistics
44:05 Paladin
45:08 Conscription
chakar
12:03 Loom
13:52 Feudal Age
14:57 Double-Bit Axe
15:08 Gold Mining
15:28 Stone Mining
17:45 Castle Age
17:03 Fletching
19:21 Bow Saw
19:10 Horse Collar
21:32 Bodkin Arrow
21:35 Elite Skirmisher
23:32 Wheelbarrow
23:50 Padded Archer Armor
24:44 Heavy Plow
27:02 Ballistics
27:03 Pikeman
28:47 Squires
29:45 Hand Cart
31:46 Masonry
32:16 Leather Archer Armor
33:51 Scale Mail Armor
34:49 Town Watch
40:37 Imperial Age
39:31 Thumb Ring
40:56 Medical Corps
40:43 Elite Elephant Archer
41:40 Bracer
42:56 Ring Archer Armor
43:27 Chemistry
43:13 Conscription
43:16 Guilds
Vilkian
5:31 Loom
14:52 Feudal Age
18:49 Castle Age
16:44 Double-Bit Axe
18:42 Gold Mining
21:36 Bow Saw
21:25 Fletching
21:26 Horse Collar
23:44 Bodkin Arrow
24:53 Padded Archer Armor
30:12 Wheelbarrow
31:25 Heavy Plow
33:22 Hand Cart
34:16 Stone Mining
34:57 Ballistics
34:48 Masonry
37:59 Murder Holes
43:56 Imperial Age
42:54 Pikeman
43:34 Squires
43:54 Scale Mail Armor
zeyrek
6:22 Loom
15:44 Feudal Age
21:16 Castle Age
20:06 Double-Bit Axe
21:17 Bloodlines
21:32 Gold Mining
21:36 Stone Mining
22:01 Stone Mining
22:36 Bow Saw
23:11 Horse Collar
26:50 Scale Barding Armor
29:02 Wheelbarrow
28:13 Town Watch
32:33 Chain Barding Armor
32:24 Forging
32:36 Fervor
33:59 Hand Cart
36:22 Pikeman
40:27 Imperial Age
40:59 Cavalier
41:35 Stirrups
Naco y Estúpido
6:00 Loom
12:51 Feudal Age
16:56 Castle Age
16:34 Bloodlines
21:54 Husbandry
22:44 Fishing Lines
23:50 Fletching
24:00 Padded Archer Armor
24:33 Double-Bit Axe
25:24 Bodkin Arrow
26:12 Bow Saw
27:55 Gillnets
28:58 Leather Archer Armor
31:01 Stone Mining
31:01 Gold Mining
32:37 Stone Shaft Mining
34:45 Imperial Age
35:15 Ballistics
35:05 Masonry
36:11 Bracer
36:35 Conscription
39:16 Chemistry
39:29 Wheelbarrow
40:24 Elite Mangudai
42:45 Hoardings
44:30 Hoardings
EzPz BRO
9:22 Loom
15:51 Feudal Age
19:21 Castle Age
17:41 Double-Bit Axe
20:40 Bow Saw
21:00 Gold Mining
24:35 Fletching
27:59 Ballistics
32:47 Wheelbarrow
34:52 Imperial Age
35:50 Bodkin Arrow
37:53 Bracer
38:47 Conscription
40:04 Chemistry
40:47 Thumb Ring
42:27 Scale Mail Armor
42:05 Elite War Wagon
Connection lost

Rejoining the realm…

Still unreachable

The connection could not be restored.

Session expired

The server has moved on; the page needs a fresh start.